 Dungeon Crawl Stone Soup version 0.19-a0-147-g6f47703 (webtiles) character file.

44 Kidiri the Ruffian (level 3, -3/33 HPs)
             Began as a Troll Transmuter on May 18, 2016.
             Slain by a gnoll (4 damage)
             ... on level 2 of the Dungeon.
             The game lasted 00:01:49 (972 turns).

Kidiri the Ruffian (Troll Transmuter)                Turns: 972, Time: 00:01:50

Health: -3/33      AC:  5    Str: 18    XL:     3   Next: 39%
Magic:  4/4        EV: 10    Int: 10    God:
Gold:   43         SH:  0    Dex: 10    Spells: 1 memorised, 4 levels left

rFire  . . .     SeeInvis .       - Unarmed
rCold  . . .     Gourm    +     b - +0 robe
rNeg   . . .     Faith    .     (no shield)
rPois  .         Spirit   .     (helmet restricted)
rElec  .         Dismiss  .     (no cloak)
rCorr  .         Reflect  .     (gloves unavailable)
SustAt .         Harm     .     (boots unavailable)
MR     .....                    (no amulet)
Stlth  ++........               (no ring)
                                j - ring of stealth

@: flying, not resistant to hostile enchantments, unstealthy
A: unfitting armour, claws 3, fast metabolism 3, gourmand, regeneration 2,
shaggy fur 1, tough skin 2
a: no special abilities


You were on level 2 of the Dungeon.
You were completely stuffed.

You visited 1 branch of the dungeon, and saw 2 of its levels.

You collected 43 gold pieces.

Inventory:

Missiles
 a - 12 arrows
Armour
 b - a +0 robe (worn)
Jewellery
 j - a ring of stealth (left claw)
Scrolls
 e - a scroll of identify {unknown}
 i - a scroll of recharging {unknown}
 k - a scroll of noise {unknown}
 l - a scroll of teleportation {unknown}
Potions
 h - a potion of brilliance {unknown}
Books
 c - a book of Changes

   Spells                             Type                      Level
   a - Beastly Appendage              Transmutation                1
   b - Sticks to Snakes               Transmutation                2
   c - Spider Form                    Transmutation/Poison         3
   d - Ice Form                       Ice/Transmutation            4
   e - Blade Hands                    Transmutation                5
Comestibles
 d - 2 bread rations
 f - 2 beef jerkies


   Skills:
 * Level 1.2 Fighting
 + Level 0.7 Armour
 * Level 1.9 Dodging
 + Level 3.2 Unarmed Combat
 * Level 1.6 Spellcasting
 + Level 1.5 Transmutations


You had 4 spell levels left.
You knew the following spells:

 Your Spells              Type           Power        Failure   Level  Hunger
a - Beastly Appendage     Trmt           #.....       21%         1    ##.....


Dungeon Overview and Level Annotations

Branches:
Dungeon (2/15)

Altars:


Innate Abilities, Weirdness & Mutations

You are too large for most types of armour.
You have claws for hands.
Your metabolism is lightning-fast.
You like to eat raw meat.
You heal very quickly.
You are covered in fur (AC +1).
You have very tough skin (AC +2).


Message History

The gnoll hits you from afar with a spear.
The gnoll hits you with a flail. The giant newt bites you.
You claw the gnoll!
The gnoll is heavily wounded.
The gnoll hits you from afar with a spear.
The gnoll hits you with a flail.
The giant newt bites you but does no damage.
You scratch the gnoll but do no damage.
The gnoll is heavily wounded.
The gnoll barely misses you. The gnoll hits you!
* * * LOW HITPOINT WARNING * * *
The gnoll hits you with a flail.
* * * LOW HITPOINT WARNING * * *
Unknown command.
Drink which item? (? for menu, Esc to quit)
It was a potion of flight.
You feel very buoyant.
You fly up into the air.
The giant newt barely misses you. The gnoll closely misses you.
The gnoll hits you.
You die...

#.#############
#.....<.......#
#.####........#
#........#
#?.......#
##..##..##
##........##
#...@......#
#...ggl.....#
#.#.g......##
#.#........# .
........... #
............
#.#........##
#.##..##..##


You could see 3 gnolls and a giant newt.

Vanquished Creatures
  A gnoll (D:2)
  An ooze (D:1)
  A dart slug (D:1)
  A giant gecko (D:2)
  9 bats (D:1)
  A giant cockroach (D:1)
  3 goblins (D:1)
  A hobgoblin (D:1)
  5 kobolds (D:1)
  4 rats (D:1)
27 creatures vanquished.

Notes
Turn   | Place    | Note
--------------------------------------------------------------
     0 | D:1      | Kidiri the Troll Transmuter began the quest for the Orb.
     0 | D:1      | Reached XP level 1. HP: 18/18 MP: 1/1
    84 | D:1      | Reached skill level 1 in Fighting
   119 | D:1      | Reached XP level 2. HP: 27/27 MP: 3/3
   703 | D:1      | Reached XP level 3. HP: 33/33 MP: 4/4
   971 | D:2      | HP: 1/33 [gnoll/flail (4)]
   972 | D:2      | Slain by a gnoll

Vault maps used:
D:1:      mrwooster_arrival_statue_3, grunt_decor_cap, serial_bayou_lagoon_a,
          minmay_surrounded
D:2:      ecumenical_altar_2, solitary_fountain, hangedman_decor_push,
          st_stairs_5

Skill      XL: |  1 |
---------------+----+-----
Fighting       | 1 |  1.2
Armour         | |  0.7
Dodging        | |  1.9
Unarmed Combat | |  3.2
Spellcasting   | |  1.6
Transmutations | |  1.5

Action                   || total
-------------------------++-------
Melee: Unarmed           ||    60
       Punch             ||     1
  Use: Potion            ||     1
 Stab: Sleeping          ||     4
  Eat: Chunk             ||    14
Armor: Robe              ||    27
Dodge: Dodged            ||    44
